 Dungeon Crawl Stone Soup version 0.24.0-7-gb3623d2c88 (webtiles) character file.

Game seed: 1839324795399648307, levelgen mode: deterministic

1137 FishyPogo the Scholar of Death (level 8, -2/69 HPs)
             Began as a Deep Dwarf Necromancer on Nov 3, 2019.
             Was a Follower of Kikubaaqudgha.
             Slain by an orc warrior
             ... wielding a +0 trident
              (20 damage)
             ... on level 6 of the Dungeon.
             The game lasted 00:25:49 (4622 turns).

FishyPogo the Scholar of Death (DDNe)               Turns: 4622, Time: 00:25:50

Health: -2/69      AC:  4    Str: 12    XL:     8   Next: 14%
Magic:  22/22 (13) EV: 14    Int: 17    God:    Kikubaaqudgha [*.....]
Gold:   167        SH:  0    Dex: 14    Spells: 3/14 levels left

rFire    . . .     SeeInvis .   q - +1 scimitar (elec)
rCold    . . .     Gourm    .   (no shield)
rNeg     . . .     Faith    .   p - +0 robe
rPois    .         Spirit   .   (no helmet)
rElec    .         Reflect  .   u - +0 cloak
rCorr    +         Harm     .   e - +0 pair of gloves
MR       +....                  (no boots)
Stlth    +++.......             (no amulet)
HPRegen  0.00/turn              k - ring of magical power
MPRegen  0.18/turn              r - ring of resist corrosion

@: non-regenerating
A: damage resistance, heal wounds, sense surroundings 1, no regeneration
a: Heal Wounds, Receive Corpses, Renounce Religion


You were on level 6 of the Dungeon.
You worshipped Kikubaaqudgha.
Kikubaaqudgha was aware of your devotion.
You were not hungry.

You visited 1 branch of the dungeon, and saw 7 of its levels.

You collected 167 gold pieces.

Inventory:

Hand Weapons
 a - a +0 hand axe
 q - a +1 scimitar of electrocution (weapon)
Missiles
 d - 37 poisoned darts
 f - 127 stones (quivered)
 h - 6 javelins
 x - 2 boomerangs
Armour
 e - a +0 pair of gloves (worn)
 p - a +0 robe (worn)
 u - a +0 cloak (worn)
Jewellery
 k - a ring of magical power (left hand)
 r - a ring of resist corrosion (right hand)
 t - an uncursed ring of ice
Wands
 n - a wand of digging (5)
Scrolls
 b - a scroll of identify
 w - 2 scrolls of remove curse
Potions
 g - a potion of heal wounds {unknown}
 i - a potion of agility
 j - a potion of flight {unknown}
 l - a potion of brilliance {unknown}
 m - 3 potions of magic
 o - a potion of mutation {unknown}
 v - a potion of ambrosia
 z - a potion of resistance {unknown}
Comestibles
 c - 10 rations
 s - 3 chunks of flesh


   Skills:
 + Level 3.2 Fighting
 + Level 3.2 Armour
 + Level 4.3 Dodging
 - Level 4.0 Stealth
 + Level 3.6 Spellcasting
 * Level 7.7 Necromancy


You had 3 spell levels left.
You knew the following spells:

 Your Spells              Type           Power        Failure   Level  Hunger
a - Pain                  Necr           ####         1%          1    None
b - Vampiric Draining     Necr           ####......   1%          3    ###....
c - Animate Dead          Necr           N/A          7%          4    ####...
d - Sublimation of Blood  Necr           ####......   1%          2    ##.....
y - Animate Skeleton      Necr           N/A          1%          1    None

Your spell library contained the following spells:

 Spells                   Type           Power        Failure   Level  Hunger
 Beastly Appendage        Tmut           #.....       17%         1    None
 Sticks to Snakes         Tmut           #.......     26%         2    ##.....
 Spider Form              Tmut/Pois      #.........   45%         3    ###....
 Ice Form                 Ice/Tmut       #.......     86%         4    ####...
 Blade Hands              Tmut           #.........   99%         5    ######.
 Regeneration             Chrm/Necr      Unusable     N/A         3    N/A

Dungeon Overview and Level Annotations

Branches:
Dungeon (7/15)
 Temple: D:4-7

Altars:
Kikubaaqudgha
Wu Jian
Yredelemnul

Annotations:
D:5 1 runed translucent door


Innate Abilities, Weirdness & Mutations

You are resistant to damage.
You can heal yourself by infusing magical energy.
You passively map a small area around you.
You do not regenerate.


Message History

You climb upwards.
There is a stone staircase leading down here.
You climb downwards.
There is a stone staircase leading up here.
Some of the chunks of flesh in your inventory have rotted away.
Found a ring mail.
There is a stone staircase leading up here.
You climb upwards.
The orc warrior shouts! 2 orcs come into view.
An orc is wielding a +1 mace of protection.
The orc shouts!
The orc warrior closely misses you.
You hear an angry hiss.
Found a scroll labeled PIGYDGH DATIFUI.
There is a stone staircase leading down here.
The orc shouts!
The orc warrior hits you from afar with a +0 trident!!
You die...
Kikubaaqudgha rasps: "You have failed me!
Welcome... death!"

* , , # * .
, , , ##. *
, ## ## ,
... * , ,..
#.?,,,#.##
, .. #...
#..#,, , ..
#....##.. ,
..
#.......##
.. #..@.# ,
,..
###........
# ,


oo....... ,,, ..o....##. ,.......... , .....#....## * ,....###.....# ,.##..*
#..##. , * , You could see an orc warrior and 2 orcs.

Vanquished Creatures
  A troll (D:5)
  Edmund (D:5)
  A sky beast (D:5)
  An ice beast (D:5)
  An orc warrior (D:3)
  An ogre (D:4)
  A centaur (D:5)
  2 orc priests
  3 orc wizards
  A hound (D:4)
  2 iguanas
  6 adders
  A shadow imp (D:5)
  An ooze (D:2)
  2 worms
  A dart slug (D:2)
  5 leopard geckos
  23 orcs
  4 giant cockroaches
  6 goblins
  3 hobgoblins
  2 jackals (D:4)
  2 quokkas
  5 bats
  3 frilled lizards
  A jackal zombie (D:5)
  6 kobolds
  A leopard gecko skeleton (D:4)
  5 rats (D:2)
92 creatures vanquished.

Vanquished Creatures (collateral kills)
  An adder (D:3)
  An ooze (D:3)
  A ball python (D:3)
3 creatures vanquished.

Grand Total: 95 creatures vanquished

Notes
Turn   | Place    | Note
-------+----------+-------------------------------------------
     0 | D:1      | FishyPogo the Deep Dwarf Necromancer began the quest for
                  | the Orb.
     0 | D:1      | Reached XP level 1. HP: 15/15 MP: 3/3
   509 | D:1      | Reached XP level 2. HP: 19/22 MP: 0/4
   512 | D:1      | Learned a level 1 spell: Animate Skeleton
  1067 | D:2      | Reached XP level 3. HP: 22/30 MP: 2/6
  1346 | D:2      | Found an ornate altar of the Wu Jian Council.
  1442 | D:2      | Learned a level 3 spell: Vampiric Draining
  1511 | D:2      | Reached skill level 5 in Necromancy
  1856 | D:4      | Reached skill level 1 in Fighting
  2000 | D:3      | Noticed an orc warrior
  2011 | D:3      | Reached XP level 4. HP: 28/38 MP: 3/7
  2494 | D:3      | Reached XP level 5. HP: 26/44 MP: 3/8
  2549 | D:3      | Killed an orc warrior
  3218 | D:4      | Reached skill level 6 in Necromancy
  3218 | D:4      | Reached XP level 6. HP: 49/52 MP: 10/10
  3239 | D:4      | Found an ancient bone altar of Kikubaaqudgha.
  3247 | D:4      | Became a worshipper of Kikubaaqudgha
  3438 | D:4      | Learned a level 4 spell: Animate Dead
  3473 | D:4      | Reached skill level 1 in Armour
  3828 | D:5      | Entered Level 5 of the Dungeon
  3828 | D:5      | Found a runed translucent door.
  3828 | D:5      | Noticed a human
  3828 | D:5      | Noticed Edmund
  3868 | D:5      | Noticed an ice beast
  3948 | D:5      | Killed an ice beast
  3948 | D:5      | Reached XP level 7. HP: 51/61 MP: 6/11
  4065 | D:5      | Killed Edmund
  4076 | D:5      | Found a basalt altar of Yredelemnul.
  4133 | D:5      | Reached skill level 7 in Necromancy
  4200 | D:5      | Noticed a troll
  4397 | D:5      | Reached * piety under Kikubaaqudgha
  4397 | D:5      | Identified Kikubaaqudgha's Compendium of Black Rites
                  | (Kikubaaqudgha gifted it to you on level 5 of the Dungeon)
  4397 | D:5      | Received a gift from Kikubaaqudgha
  4397 | D:5      | Killed a troll
  4397 | D:5      | Reached XP level 8. HP: 15/69 MP: 10/13
  4468 | D:5      | Learned a level 2 spell: Sublimation of Blood
  4585 | D:5      | You fall into a shaft and drop 2 floors!
  4622 | D:6      | Slain by an orc warrior

Levels and vault maps discovered:
D:1:      mrwooster_arrival_arrow, layout_loops_ring
D:2:      cheibrodos_old_hovel, layout_basic, nicolae_overflow_crystal_walls
D:3:      layout_rooms, st_stairs_8
D:4:      layout_loops_ring, kiku_gazebo_pond_becter, first_ration
D:5:      layout_basic, makhleb_altar_promises_db, dk_yredelemnul_ordeal,
          uniq_edmund
D:6:      layout_cave_pools, serial_glass, glass_columns_b, glass_columns_a,
          minmay_strange_pillars
D:7:      layout_layer_cave, minmay_temple_entry_waves

Skill      XL: |  1  2  3  4  5  6  7 |
---------------+----------------------+-----
Spellcasting   | 2 3 |  3.6
Necromancy     | 5 6 7 |  7.7
Stealth        | 3 4 |  4.0
Fighting       | 1 2 3 |  3.2
Dodging        | 3 4 |  4.3
Armour         | 1 3 |  3.2

Action                   |  1- 3 |  4- 6 |  7- 9 || total
-------------------------+-------+-------+-------++-------
Melee: Unarmed           |    13 |       |       ||    13
       Dagger            |     9 |     1 |       ||    10
       Scimitar          |       |     8 |    17 ||    25
Throw: Dart              |       |     1 |       ||     1
 Cast: Pain              |    71 |    52 |     8 ||   131
       Animate Skeleton  |     7 |     9 |     3 ||    19
       Vampiric Draining |     3 |    29 |    24 ||    56
       Animate Dead      |       |     1 |       ||     1
  Use: Scroll            |     2 |     2 |     4 ||     8
       Potion            |       |     2 |       ||     2
 Stab: Sleeping          |       |     1 |       ||     1
  Eat: Chunk             |     5 |    10 |     5 ||    20
Armor: Robe              |     4 |     6 |     8 ||    18
Dodge: Dodged            |    19 |    18 |    25 ||    62
       Rpst.: Scimitar   |       |     2 |     5 ||     7
